 Dungeon Crawl Stone Soup version 0.29-a0-553-g81b289dbe5 (webtiles) character file.

Game seed: 5140134777395515215

334 DocClef the Covert (level 6, 0/53 HPs)
             Began as a Gnoll Delver on June 6, 2022.
             Slain by Grinder (5 damage)
             ... while paralysed by Grinder
             ... on level 3 of the Dungeon.
             The game lasted 00:02:15 (2377 turns).

DocClef the Covert (Gnoll Delver)                   Turns: 2377, Time: 00:02:16

Health: 0/53       AC:  3    Str: 20    XL:     6   Next: 53%
Magic:  9/9        EV:  2    Int:  9    God:
Gold:   15         SH:  0    Dex: 13    Spells: 9/9 levels left

rFire   . . .      SeeInvis .   i - +2 hand axe (elec)
rCold   . . .      Faith    .   r - +0 buckler
rNeg    . . .      Spirit   .   b - +0 leather armour
rPois   .          Reflect  .   (no helmet)
rElec   .          Harm     .   s - scarf {shadows}
rCorr   .          Rampage  .   (no gloves)
Will    .....                   (no boots)
Stlth   ++++......              (no amulet)
HPRegen 0.17/turn               o - +6 ring of strength
MPRegen 0.11/turn               (no ring)

@: paralysed
A: fangs 1, strong nose, distributed training
a: no special abilities


You were on level 3 of the Dungeon.
You visited 1 branch of the dungeon, and saw 3 of its levels.

You collected 120 gold pieces.
You spent 105 gold pieces at shops.

Inventory:

Hand Weapons
 a - a +0 short sword
 i - a +2 hand axe of electrocution (weapon)
Armour
 b - a +0 leather armour (worn)
 r - a +0 buckler (worn)
 s - a scarf of shadows (worn)
Jewellery
 o - a +6 ring of strength (left hand)
Wands
 g - a wand of digging (3)
 h - a wand of flame (29)
 j - a wand of paralysis (8)
Scrolls
 c - a scroll of fog
 d - a scroll of magic mapping
 e - a scroll of fear
 k - a scroll of identify {unknown}
 l - a scroll of blinking {unknown}
 m - 2 scrolls of teleportation {unknown}
 n - a scroll of amnesia {unknown}
 p - a scroll of immolation {unknown}
 q - a scroll of vulnerability {unknown}
 u - a scroll of poison {unknown}
 v - a scroll of enchant weapon
 x - a scroll of enchant armour {unknown}
Potions
 f - a potion of haste
 t - a potion of brilliance {unknown}
 w - a potion of curing


   Skills:
 + Level 6.8 Fighting
 + Level 5.0 Short Blades
 + Level 2.0 Long Blades
 + Level 2.0 Axes
 + Level 2.0 Maces & Flails
 + Level 2.0 Polearms
 + Level 2.0 Staves
 + Level 2.0 Slings
 + Level 2.0 Bows
 + Level 2.0 Crossbows
 + Level 2.0 Throwing
 + Level 2.0 Armour
 + Level 5.0 Dodging
 + Level 9.8 Stealth
 + Level 2.0 Shields
 + Level 2.0 Unarmed Combat
 + Level 2.0 Spellcasting
 + Level 1.5 Conjurations
 + Level 1.5 Hexes
 + Level 1.5 Summonings
 + Level 1.5 Necromancy
 + Level 1.5 Translocations
 + Level 1.5 Transmutations
 + Level 1.5 Fire Magic
 + Level 1.5 Ice Magic
 + Level 1.5 Air Magic
 + Level 1.5 Earth Magic
 + Level 1.5 Poison Magic
 + Level 2.2 Invocations
 + Level 2.0 Evocations


You had 9 spell levels left.
You didn't know any spells.
Your spell library contained the following spells:

 Spells                   Type           Power      Damage    Failure   Level
 Static Discharge         Conj/Air       3%         N/A       38%         2
 Ignite Poison            Fire/Tmut/Pois 3%         N/A       63%         3
 Mephitic Cloud           Conj/Pois/Air  3%         N/A       63%         3
 Ozocubu's Armour         Ice            3%         N/A       63%         3
 Freezing Cloud           Conj/Ice/Air   1%         6-21      100%        5
 Lightning Bolt           Conj/Air       1%         1d12      100%        5
 Metabolic Englaciation   Hex/Ice        1%         N/A       100%        5
 Simulacrum               Ice/Necr       1%         N/A       100%        6
 Maxwell's Capacitive Co  Air            1%         ∞         100%        8


Dungeon Overview and Level Annotations

Branches:
Dungeon (5/15)
 Temple: D:4-7

Altars:

Shops:
D:3 [:*?   D:4 (

Annotations:
D:3 Grinder


Innate Abilities, Weirdness & Mutations

You have very sharp teeth.
Your uncanny sense of smell can sniff out nearby items.
Your experience applies equally to all skills.


Message History

You closely miss the orc. The orc misses you.
You hit the orc. Lightning courses through the orc!
You kill the orc!
The endoplasm freezes you.
You are frozen.
Grinder gestures at you.
You suddenly lose the ability to move!
Grinder hits you.
You writhe in agony.
The endoplasm freezes you.
You are frozen.
The endoplasm hits you.
Grinder blinks!
The endoplasm freezes you.
You are frozen.
The endoplasm hits you but does no damage.
You can move again.
The endoplasm attacks as you move away! The endoplasm barely misses you.
You barely miss the endoplasm. The endoplasm freezes you.
You are frozen.
You hit the endoplasm but do no damage.
Lightning courses through the endoplasm!
You kill the endoplasm!
You barely miss Grinder. Grinder hits you.
You writhe in agony.
You barely miss Grinder. Grinder hits you.
You writhe in agony.
* * * LOW HITPOINT WARNING * * *
Grinder hits you but does no damage.
You hit Grinder. Your bite misses Grinder.
Grinder is lightly wounded.
Grinder gestures at you.
You suddenly lose the ability to move!
Grinder gestures at you.
You barely resist. Grinder hits you.
* * * LOW HITPOINT WARNING * * *
Grinder gestures at you.
You barely resist. Grinder hits you!
* * * LOW HITPOINT WARNING * * *
You writhe in agony.
You die...

#.≈≈≈≈≈.+.....#
#∩≈≈≈≈≈.......#........
#.≈≈≈≈≈.+.....#........
#..≈§§..#...#.#........
##.....###.##.#........
######## #.##.#........
....##.# #.##.#.)).....
.....#.# #.##.##5#
...#.#.# #.##.##@#
.......# #.##.##.#
..###..# #.##'##'##
..###..###........#
......>...........#
######.####.......# #
#.#..........# #
#.#.#.##.##'## #
###'#.#.##.##.#


You could see Grinder.

Vanquished Creatures
  2 ogres (D:5)
  2 hounds (D:5)
  8 adders
  An ufetubus (D:4)
  2 orcs (D:3)
  2 bats (D:3)
  3 endoplasms
  A giant cockroach (D:4)
  2 goblins
  A hobgoblin (D:4)
  6 jackals (D:3)
  3 kobolds (D:3)
  A quokka (D:3)
  2 ball pythons
  A rat (D:3)
37 creatures vanquished.

Notes
Turn   | Place    | Note
-------+----------+-------------------------------------------
     0 | D:5      | Reached skill level 9 in Stealth
     0 | D:5      | DocClef the Gnoll Delver began the quest for the Orb.
     0 | D:5      | Reached XP level 1. HP: 23/23 MP: 1/1
   135 | D:5      | Noticed a hound
   137 | D:5      | Killed a hound
   138 | D:5      | Reached XP level 2. HP: 29/29 MP: 2/2
   138 | D:5      | Reached XP level 3. HP: 35/35 MP: 3/3
   256 | D:5      | Reached skill level 1 in Long Blades
   256 | D:5      | Reached skill level 1 in Axes
   256 | D:5      | Reached skill level 1 in Maces & Flails
   256 | D:5      | Reached skill level 1 in Polearms
   256 | D:5      | Reached skill level 1 in Staves
   256 | D:5      | Reached skill level 1 in Slings
   256 | D:5      | Reached skill level 1 in Bows
   256 | D:5      | Reached skill level 1 in Crossbows
   256 | D:5      | Reached skill level 1 in Throwing
   256 | D:5      | Reached skill level 1 in Armour
   256 | D:5      | Reached skill level 1 in Shields
   256 | D:5      | Reached skill level 1 in Unarmed Combat
   256 | D:5      | Reached skill level 1 in Spellcasting
   256 | D:5      | Reached skill level 1 in Invocations
   256 | D:5      | Reached skill level 1 in Evocations
   256 | D:5      | Reached XP level 4. HP: 41/41 MP: 3/5
   379 | D:5      | Noticed an ogre
   389 | D:5      | Killed an ogre
   390 | D:5      | Reached skill level 1 in Conjurations
   390 | D:5      | Reached skill level 1 in Hexes
   390 | D:5      | Reached skill level 1 in Summonings
   390 | D:5      | Reached skill level 1 in Necromancy
   390 | D:5      | Reached skill level 1 in Translocations
   390 | D:5      | Reached skill level 1 in Transmutations
   390 | D:5      | Reached skill level 1 in Fire Magic
   390 | D:5      | Reached skill level 1 in Ice Magic
   390 | D:5      | Reached skill level 1 in Air Magic
   390 | D:5      | Reached skill level 1 in Earth Magic
   390 | D:5      | Reached skill level 1 in Poison Magic
   390 | D:5      | Reached XP level 5. HP: 47/47 MP: 5/7
   547 | D:5      | Noticed an ogre
   557 | D:5      | Killed an ogre
   558 | D:5      | Reached XP level 6. HP: 35/53 MP: 8/8
  1462 | D:4      | Found Eteijyta's Antique Weapon Boutique.
  1982 | D:3      | Found Guekan's Antique Armour Shop.
  2019 | D:3      | Reached skill level 5 in Short Blades
  2019 | D:3      | Reached skill level 5 in Dodging
  2027 | D:3      | Found Masuifry's Book Shoppe.
  2101 | D:3      | Found Olinarum's Magic Scroll Shop.
  2165 | D:3      | Bought a scroll of enchant weapon for 75 gold pieces
  2279 | D:3      | Found Ibaroyni's General Store.
  2282 | D:3      | Bought a potion of curing for 30 gold pieces
  2358 | D:3      | Noticed Grinder
  2363 | D:3      | Paralysed by Grinder for 5 turns
  2373 | D:3      | Paralysed by Grinder for 5 turns
  2377 | D:3      | Slain by Grinder

Illustrated notes

Levels and vault maps discovered:
D:3:      layout_basic, marbit_many_paths, serial_shops, shop,
          nicolae_square_shop, nicolae_shop_behind_doors,
          nicolae_shop_bloodbath_and_beyond, nicolae_lakefront_shop,
          basic_ecumenical_altar, uniq_grinder
D:4:      layout_gridville, serial_shops, nicolae_square_shop
D:5:      layout_basic, minmay_misc_feat_square

Skill      XL: |  1  2  3  4  5  6 |
---------------+-------------------+-----
Stealth        | |  9.8
Long Blades    | 1 2 |  2.0
Axes           | 1 2 |  2.0
Maces & Flails | 1 2 |  2.0
Polearms       | 1 2 |  2.0
Staves         | 1 2 |  2.0
Slings         | 1 2 |  2.0
Bows           | 1 2 |  2.0
Crossbows      | 1 2 |  2.0
Throwing       | 1 2 |  2.0
Armour         | 1 2 |  2.0
Shields        | 1 2 |  2.0
Unarmed Combat | 1 2 |  2.0
Spellcasting   | 1 2 |  2.0
Invocations    | 1 2 |  2.2
Evocations     | 1 2 |  2.0
Conjurations   | 1 |  1.5
Hexes          | 1 |  1.5
Summonings     | 1 |  1.5
Necromancy     | 1 |  1.5
Translocations | 1 |  1.5
Transmutations | 1 |  1.5
Fire Magic     | 1 |  1.5
Ice Magic      | 1 |  1.5
Air Magic      | 1 |  1.5
Earth Magic    | 1 |  1.5
Poison Magic   | 1 |  1.5
Short Blades   | 5 |  5.0
Dodging        | 5 |  5.0
Fighting       | |  6.8

Action                   |  1- 3 |  4- 6 || total
-------------------------+-------+-------++-------
Melee: Short sword       |     2 |       ||     2
       Hand axe          |       |    70 ||    70
       Bite              |       |     6 ||     6
 Stab: Sleeping          |     2 |     9 ||    11
       Distracted        |       |     1 ||     1
Armor: Leather armour    |       |     7 ||     7
Dodge: Dodged            |       |    43 ||    43
Block: Buckler           |       |    12 ||    12

Table legend: (Time is in decaauts)
 A = Elapsed time spent in this place.
 B = Non-inter-level travel time spent in this place.
 C = Inter-level travel time spent in this place.
 D = Time resting spent in this place.
 E = Time spent auto-exploring this place.
 F = Levels seen in this place.
 G = Mean time per level.
                   A        B        C        D        E       F      G
               +--------+--------+--------+--------+--------+-----+--------+
         Total |   2392 |   2289 |    103 |      0 |   1994 |   3 |  797.3 |
       Dungeon |   2392 |   2289 |    103 |      0 |   1994 |   3 |  797.3 |
               +--------+--------+--------+--------+--------+-----+--------+

Top non-repeatable levels by time:
     D:5: 1073 daAuts
     D:4: 854 daAuts
     D:3: 464 daAuts
